 Dungeon Crawl Stone Soup version 0.28.0-45-g0d030f2227 (webtiles) character file.

Game seed: 9660252540430730449

287 mortz the Firebug (level 6, -4/46 HPs)
             Began as a Draconian Fire Elementalist on Apr 22, 2022.
             Killed by nerve-wracking pain
             ... invoked by an orc priest
              (8 damage)
             ... on level 4 of the Dungeon on Apr 23, 2022.
             The game lasted 00:19:19 (4400 turns).

mortz the Firebug (Draconian Fire Elementalist)     Turns: 4400, Time: 00:19:20

Health: -4/46      AC:  7    Str: 10    XL:     6   Next: 8%
Magic:  2/10       EV: 12    Int: 18    God:
Gold:   58         SH:  0    Dex: 11    Spells: 8/11 levels left

rFire   . . .      SeeInvis .   b - +0 hand axe {axe}
rCold   . . .      Faith    .   (no shield)
rNeg    . . .      Spirit   .   (armour unavailable)
rPois   .          Reflect  .   (helmet restricted)
rElec   .          Harm     .   n - +0 cloak
rCorr   .          Rampage  .   (no gloves)
Will    .....                   (no boots)
Stlth   +.........              (no amulet)
HPRegen 0.15/turn               (no ring)
MPRegen 0.12/turn               (no ring)

@: confused
A: AC +6, unfitting armour, cold-blooded
a: no special abilities


You were on level 4 of the Dungeon.
You visited 1 branch of the dungeon, and saw 4 of its levels.

You collected 58 gold pieces.


Innate Abilities, Weirdness & Mutations

Your plain brown scales are hard. (AC +6)
You cannot fit into any form of body armour.
You are cold-blooded and may be slowed by cold attacks.


   Skills:
 + Level 0.3 Fighting
 + Level 0.1 Short Blades
 + Level 0.1 Maces & Flails
 + Level 0.4 Polearms
 + Level 2.1 Dodging
 + Level 2.3 Stealth
 + Level 3.1 Spellcasting
 + Level 2.4 Conjurations
 * Level 1.6 Hexes
 + Level 4.7 Fire Magic


You had 8 spell levels left.
You knew the following spells:

 Your Spells              Type           Power      Damage    Failure   Level
a - Foxfire               Conj/Fire      60%        2x1d7     3%          1
b - Scorch                Fire           38%        2d7       3%          2

Your spell library contained the following spells:

 Spells                   Type           Power      Damage    Failure   Level
 Conjure Flame            Conj/Fire      15%        6-21      11%         3
 Inner Flame              Hex/Fire       14%        N/A       13%         3
 Apportation              Tloc           4%         N/A       16%         1
 Summon Small Mammal      Summ           8%         N/A       16%         1
 Summon Guardian Golem    Hex/Summ       5%         N/A       34%         3
 Flame Wave               Conj/Fire      15%        2d6       36%         4
 Call Canine Familiar     Summ           2%         N/A       43%         3
 Summon Lightning Spire   Summ/Air       2%         N/A       85%         4
 Storm Form               Tmut/Air       1%         N/A       100%        7
 Maxwell's Capacitive Co  Air            1%         ∞         100%        8

Inventory:

Hand Weapons
 a - a +0 club {mace}
   (You found it on level 1 of the Dungeon)
 b - a +0 hand axe (weapon) {axe}
   (You took it off an orc on level 4 of the Dungeon)
 c - a +0 dagger {short}
   (You took it off a goblin on level 1 of the Dungeon)
 q - a +2 trident of flaming {polearm}
   (You took it off an orc on level 3 of the Dungeon)
Missiles
 e - 22 stones {throwing}
 p - a boomerang {throwing}
Armour
 n - a +0 cloak (worn)
   (You found it on level 3 of the Dungeon)
Jewellery
 m - an amulet of faith {!P}
   (You found it on level 2 of the Dungeon)
Wands
 s - a wand of mindburst (12)
   (You found it on level 3 of the Dungeon)
Scrolls
 g - a scroll of immolation {unknown}
 j - a scroll of magic mapping {unknown}
 l - a scroll of noise {unknown}
 o - a scroll of vulnerability {unknown}
 r - a scroll of enchant weapon {unknown}
Potions
 d - 2 potions of heal wounds {@q2}
 f - a potion of might {unknown}
 h - a potion of lignification {unknown}
 i - a potion of curing {@q1}
 k - a potion of degeneration {unknown}

Dungeon Overview and Level Annotations

Branches:
Dungeon (4/15)
 Temple: D:4-7

Altars:
Fedhas

Shops:
D:2

: #..# #..# #.##
##.## ##.# #..## .
#..# ##..# ..#
##..# #..## ...<
#..## ##..##
.....## #..# #....
......{###..#
#....
......o@....#
##....
...####.....###
#.....
##.......####.....
#...##............
#..######..†......
#..# ##<.......
..## #........ #..
#...####. #..## #


You could see an orc priest.


Message History

You now have 46 max hp (+8).
You regained 6 hp, and now have 32/46 hp.
You lost 2 mp, and now have 0/10 mp.
Your +2 trident of flaming {polearm} bursts into flame!
q - a +2 trident of flaming (weapon)
{polearm} The orc wizard hits you with a +0 dagger. 😮 HP[-1]
You take 1 damage, and now have 31/46 hp.
You completely miss the orc wizard.
You tail-slap the orc wizard, but do no damage.
The orc wizard points at you and mumbles some strange words.
The magic dart hits you. 😮 HP[-3]
You take 3 damage, and now have 28/46 hp.
You hit the orc wizard. You burn the orc wizard.
The orc priest hits you but does no damage.
The orc wizard barely misses you.
You barely miss the orc wizard. The orc priest closely misses you.
The orc wizard hits you with a +0 dagger.
The orc priest closely misses you. 😮 HP[-1]
You take 1 damage, and now have 27/46 hp.
You puncture the orc wizard! You burn the orc wizard.
The orc wizard gestures at you while chanting.
The puff of flame hits you.
* * * LOW HITPOINT WARNING * * *
The orc priest closely misses you. The orc wizard misses you. 😨 HP[-6]
You take 6 damage, and now have 21/46 hp.
You barely miss the orc wizard.
Your tail-slap misses the orc wizard.
The orc priest looks satisfied for a moment.
The orc wizard casts a spell.
The orc wizard flickers and vanishes!
Deactivating autopickup; reactivate with Ctrl-A. 😨 MP[+1]
You barely miss something. You punch something.
The orc priest hits you with a +0 dagger.
* * * LOW HITPOINT WARNING * * *
Something hits you but does no damage. 😨 HP[-2]
You take 2 damage, and now have 19/46 hp.
You closely miss something.
The orc priest hits you but does no damage.
You hear some strange, mumbled words.
A magic dart appears from out of thin air!
The magic dart hits you.
* * * LOW HITPOINT WARNING * * *
The orc priest completely misses you. 😨 HP[-4]
You take 4 damage, and now have 15/46 hp.
You completely miss something.
Your tail-slap misses something.
Something hits you but does no damage.
The orc priest hits you with a +0 dagger.
* * * LOW HITPOINT WARNING * * *
Something hits you but does no damage.
You closely miss something.
The orc priest hits you but does no damage.
Something hits you.
* * * LOW HITPOINT WARNING * * *
😨 HP[-3]
You take 3 damage, and now have 12/46 hp.
You barely miss something.
The orc priest hits you with a +0 dagger.
* * * LOW HITPOINT WARNING * * *
You hear some strange, mumbled words.
You are confused. 😱 HP[-3]
You take 3 damage, and now have 9/46 hp.
You feel better.
The orc priest hits you with a +0 dagger.
* * * LOW HITPOINT WARNING * * *
Something hits you but does no damage. 😨 HP[+7]
You regained 7 hp, and now have 16/46 hp.
Okay, then.
Your +2 trident of flaming {polearm} stops flaming.
b - a +0 hand axe (weapon)
{axe} The orc priest hits you but does no damage.
Something hits you but does no damage.
You miss something. You hit the orc priest.
The orc priest hits you but does no damage.
Something hits you but does no damage. 😨 MP[+1]
You completely miss something. You closely miss the orc priest.
The orc priest closely misses you.
You hear some strange, mumbled words.
You are confused.
The orc priest invokes the aid of Beogh against you.
Pain shoots through your body!
* * * LOW HITPOINT WARNING * * *
😱 HP[-12]
You take 12 damage, and now have 4/46 hp.
MASSIVE DAMAGE!! (PAUSE)
You miss something. You closely miss the orc priest.
Something hits you but does no damage. The orc priest closely misses you.
Something hits you but does no damage.
You bump into the rock wall.
The orc priest calls down the wrath of Beogh upon you.
Pain shoots through your body!
You die...

Skill      XL: |  1  2  3  4  5 |
---------------+----------------+-----
Stealth        | 2 |  2.3
Dodging        | 2 |  2.1
Conjurations   | 2 |  2.4
Fire Magic     | 4 |  4.7
Hexes          | 1 |  1.6
Spellcasting   | 3 |  3.1
Fighting       | |  0.3
Short Blades   | |  0.1
Maces & Flails | |  0.1
Polearms       | |  0.4

Action                   |  1- 3 |  4- 6 || total
-------------------------+-------+-------++-------
Melee: Dagger            |    36 |       ||    36
       Club              |    11 |       ||    11
       Tailslap          |     4 |     3 ||     7
       Punch             |     1 |     1 ||     2
       Trident           |       |    19 ||    19
       Hand axe          |       |     3 ||     3
 Cast: Foxfire           |    71 |    50 ||   121
       Scorch            |       |     9 ||     9
  Use: Scroll            |       |     2 ||     2
       Potion            |       |     2 ||     2
Armor: Skin              |    20 |    16 ||    36
Dodge: Dodged            |    57 |    24 ||    81

Levels and vault maps discovered:
D:1:      heliophobic_arrival_glass_houses, layout_rooms,
          shapermc_ecumenical_altar_rom_forum
D:2:      layout_loops_cross, serial_shops, nicolae_square_shop
D:3:      layout_basic, fedhas_ov_isle_minmay, chequers_jeans,
          chequers_serial_rivers_small_b, uniq_terence
D:4:      minmay_clustersquares, layout_layer_cave,
          yredelemnul_forgotten_temple_becter,
          beargit_hepliaklqana_dungeon_heroes

Notes
Turn   | Place    | Note
-------+----------+-------------------------------------------
     0 | D:1      | mortz the Draconian Fire Elementalist began the quest for
                  | the Orb.
     0 | D:1      | Reached XP level 1. HP: 14/14 MP: 3/3
     0 | D:1      | magus.rc [v1.9.6]
   536 | D:1      | Found a faded altar of an unknown god.
   548 | D:1      | Got Plato's Tome of Dislocation
   614 | D:1      | Reached XP level 2. HP: 18/20 MP: 3/5
   665 | D:1      | magus.rc [v1.9.6]
   793 | D:1      | Reached skill level 2 in Stealth
   834 | D:1      | Learned a level 2 spell: Scorch
  1285 | D:2      | Reached XP level 3. HP: 17/26 MP: 1/6
  1862 | D:2      | You pick up a book of Callings and begin reading...
  1862 | D:2      | You add the spells Summon Small Mammal, Call Canine
                  | Familiar and Summon Guardian Golem to your library.
  1971 | D:2      | Found Ocailexecw's Book Shoppe.
  2074 | D:2      | You pick up a book of the Sky and begin reading...
  2074 | D:2      | You add the spells Summon Lightning Spire, Storm Form and
                  | Maxwell's Capacitive Coupling to your library.
  2233 | D:3      | Noticed a gnoll sergeant
  2249 | D:3      | Reached skill level 2 in Dodging
  2249 | D:3      | Reached XP level 4. HP: 29/33 MP: 0/7
  2499 | D:3      | Reached skill level 2 in Conjurations
  2644 | D:3      | Found a blossoming altar of Fedhas.
  2656 | D:3      | Reached skill level 4 in Fire Magic
  2785 | D:3      | Reached skill level 1 in Hexes
  2790 | D:3      | Reached XP level 5. HP: 38/38 MP: 0/9
  3147 | D:3      | HP: 7/38 [gnoll sergeant/+0 trident (13)]
  3657 | D:3      | Noticed Terence
  3665 | D:3      | HP: 8/38 [Terence/+0 flail (7)]
  3666 | D:3      | Killed Terence
  4241 | D:4      | Reached skill level 3 in Spellcasting
  4384 | D:4      | Reached XP level 6. HP: 32/46 MP: 0/10
  4394 | D:4      | HP: 9/46 [orc priest/+0 dagger (3)]
  4398 | D:4      | HP: 4/46 [orc priest/nerve-wracking pain (13)]
  4400 | D:4      | Killed from afar by an orc priest

Vanquished Creatures
  A water moccasin skeleton (D:4)
  An orc priest (D:3)
  3 orc wizards
  Terence (D:3)
  3 gnolls (D:3)
  An adder (D:2)
  2 worms (D:2)
  A dart slug (D:1)
  9 orcs
  11 bats
  An endoplasm (D:3)
  A giant cockroach (D:1)
  6 goblins
  3 hobgoblins
  6 jackals (D:2)
  2 quokkas (D:1)
  4 ball pythons
  2 frilled lizards
  3 kobolds
  6 rats
67 creatures vanquished.

Vanquished Creatures (collateral kills)
  A foxfire (D:3)
1 creature vanquished.

Vanquished Creatures (others)
  200 foxfires
200 creatures vanquished.

Grand Total: 268 creatures vanquished

Table legend:
 A = Non-vault XP
 B = Vault XP
 C = Vault XP percentage of total XP
 D = Non-vault monster count
 E = Vault monster count
 F = Vault count percentage of total count
                 A         B        C        D         E       F
            +---------+---------+-------+---------+---------+-------
      Total |     379 |      32 |   7.8 |      66 |       1 |   1.5
            +---------+---------+-------+---------+---------+-------
        D:1 |      36 |       0 |   0.0 |      23 |       0 |   0.0
        D:2 |      46 |       0 |   0.0 |      17 |       0 |   0.0
        D:3 |     184 |      32 |  14.8 |      22 |       1 |   4.3
        D:4 |     113 |       0 |   0.0 |       4 |       0 |   0.0
            +---------+---------+-------+---------+---------+-------

Illustrated notes

Table legend:
 A = Kills in this place as a percentage of kills in entire the game.
 B = Kills by you in this place as a percentage of kills by you in the entire game.
 C = Kills by friends in this place as a percentage of kills by friends in the entire game.
 D = Other kills in this place as a percentage of other kills in the entire game.
 E = Experience gained in this place as a percentage of experience gained in the entire game.
 F = Experience gained in this place divided by the number of levels of this place that you have seen.
                   A       B       C       D       E      F
               +-------+-------+-------+-------+-------+----------------------
         Total | 100.0 | 100.0 |   N/A |   N/A | 100.0 | 102.8
       Dungeon | 100.0 | 100.0 |   N/A |   N/A | 100.0 | 102.8
               +-------+-------+-------+-------+-------+----------------------

Table legend: (Time is in decaauts)
 A = Elapsed time spent in this place.
 B = Non-inter-level travel time spent in this place.
 C = Inter-level travel time spent in this place.
 D = Time resting spent in this place.
 E = Time spent auto-exploring this place.
 F = Levels seen in this place.
 G = Mean time per level.
                   A        B        C        D        E       F      G
               +--------+--------+--------+--------+--------+-----+--------+
         Total |   4414 |   4291 |    123 |    544 |   3099 |   4 | 1103.5 |
       Dungeon |   4414 |   4291 |    123 |    544 |   3099 |   4 | 1103.5 |
               +--------+--------+--------+--------+--------+-----+--------+

Top non-repeatable levels by time:
     D:3: 1751 daAuts
     D:1: 1381 daAuts
     D:2: 1199 daAuts
     D:4: 81 daAuts
